 Dungeon Crawl Stone Soup version 0.16-a0-2989-gec99a28 (webtiles) character file.

1299 myeffort the Geomancer (level 8, 42/55 HPs)
             Began as a Deep Dwarf Earth Elementalist on Dec 6, 2014.
             Was an Initiate of Makhleb.
             Quit the game in the Ecumenical Temple.
             The game lasted 00:23:25 (5708 turns).

myeffort the Geomancer (DDEE)                       Turns: 5708, Time: 00:23:25

Health: 42/55      AC:  6    Str: 11    XL:     8   Next: 31%
Magic:  10/13      EV: 12    Int: 19    God:    Makhleb [......]
Gold:   365        SH:  0    Dex: 13    Spells: 4 memorised, 0 levels left

rFire  . . .     SeeInvis .     b - 145 stones
rCold  . . .     Clarity  .     c - +0 robe
rNeg   . . .     SustAb   .     (no shield)
rPois  .         Gourm    .     D - +1 hat
rElec  .         Spirit   .     (no cloak)
rCorr  .         Warding  .     (no gloves)
rMut   .         Stasis   .     (no boots)
MR     +....                    (no amulet)
Stlth  +++.......               (no ring)
                                (no ring)

@: mildly poisoned, stone skin, non-regenerating, somewhat resistant to hostile
enchantments, fairly stealthy
A: damage resistance, recharge devices, deterioration 1, frail 1, sense
surroundings 1, screaming 1, slow healing 3
a: Device Recharging, Renounce Religion


You were in the Ecumenical Temple.
You worshipped Makhleb.
Makhleb was noncommittal.
You were hungry.

You visited 2 branches of the dungeon, and saw 7 of its levels.

You collected 365 gold pieces.

Inventory:

Hand weapons
 a - a +3 dagger
 z - a +2 whip of venom
Missiles
 b - 145 stones (in hand)
 r - 3 javelins
 F - a throwing net
Armour
 c - a +0 robe (worn)
 v - a +0 helmet
 D - a +1 hat (worn)
Jewellery
 s - a cursed amulet of inaccuracy {unknown}
 B - a +6 ring of evasion {unknown}
Magical devices
 i - a wand of heal wounds (3)
 E - a wand of flame (22)
Scrolls
 e - 2 scrolls of enchant weapon {unknown}
 j - 2 scrolls of enchant armour {unknown}
 m - 3 scrolls of remove curse {unknown}
 n - a scroll of immolation {unknown}
 o - a scroll of noise {unknown}
 p - a scroll of blinking {unknown}
 t - a scroll of fear {unknown}
 u - 2 scrolls of teleportation {unknown}
 x - a scroll of recharging {unknown}
 y - a scroll of magic mapping {unknown}
 A - a scroll of fog {unknown}
 H - a scroll of identify {unknown}
 K - a scroll of random uselessness {unknown}
Potions
 h - a potion of cancellation
 k - a potion of restore abilities {unknown}
 l - a potion of agility {unknown}
 w - a potion of degeneration {unknown}
 J - a potion of poison {unknown}
Books
 d - a book of Geomancy

   Spells                             Type                      Level
   a - Sandblast                      Earth                        1
   b - Stoneskin                      Transmutation/Earth          2
   c - Passwall                       Transmutation/Earth          3
   d - Stone Arrow                    Conjuration/Earth            3
   e - Petrify                        Transmutation/Earth          4
   f - Lee's Rapid Deconstruction     Earth                        5
 G - a Fen Folio

   Spells                             Type                      Level
   a - Corpse Rot                     Necromancy                   2
   b - Stone Arrow                    Conjuration/Earth            3
   c - Leda's Liquefaction            Hexes/Earth                  4
   d - Summon Forest                  Summoning/Translocation      5
   e - Hydra Form                     Transmutation                6
   f - Summon Hydra                   Summoning                    7
 I - a book of the Dragon

   Spells                             Type                      Level
   a - Flight                         Charms/Air                   3
   b - Cause Fear                     Hexes                        4
   c - Bolt of Fire                   Conjuration/Fire             6
   d - Dragon Form                    Transmutation                7
   e - Dragon's Call                  Summoning                    9
Comestibles
 f - 4 bread rations
 C - a meat ration


   Skills:
 - Level 2.1 Dodging
 + Level 6.7 Stealth
 - Level 2.0 Spellcasting
 - Level 0.8 Transmutations
 + Level 11.9 Earth Magic


You couldn't memorise any spells.
You knew the following spells:

 Your Spells              Type           Power        Failure   Level  Hunger
a - Sandblast             Erth           #####.       1%          1    #......
b - Stoneskin             Trmt/Erth      ####....     1%          2    ###....
c - Stone Arrow           Conj/Erth      ###...       6%          3    ###....
d - Lee's Rapid Deconstr  Erth           #####.....   4%          5    ######.


Dungeon Overview and Level Annotations

Branches:
Dungeon (6/15)             Temple (1/1) D:6

Altars:
Ashenzari
Dithmenos
Elyvilon
Fedhas
Gozag
Kikubaaqudgha
Makhleb
Nemelex Xobeh
Okawaru
Ru
Sif Muna
Trog
Vehumet
Xom
Yredelemnul
The Shining One

Shops:
D:6 [

Annotations:
D:1 exclusion: 2 doors


Innate Abilities, Weirdness & Mutations

You are resistant to damage.
You can recharge devices by infusing magical energy.
You passively map a small area around you.
You do not heal naturally.
Your body is slowly deteriorating.
You are frail (-10% HP).
You occasionally shout uncontrollably at your foes.


Message History

Casting: Sandblast
Confirm with . or Enter, or press ? or * to list all spells.
Aiming: Sandblast
Press: ? - help, Shift-Dir - straight line, f - giant frog
Aim: a giant frog (severely wounded)
The rocky blast hits the giant frog.
You kill the giant frog!
Makhleb accepts your kill.
Evoke which item? (* to show all) (? for menu, Esc to quit)
Okay, then.
Drink which item? (? for menu, Esc to quit)
Okay, then.
Evoke which item? (* to show all) (? for menu, Esc to quit)
Zapping:
i - a wand of heal wounds (4)
Press: ? - help, Shift-Dir - straight line, f - you You feel much better.
This wand has 3 charges left.
Drink which item? (? for menu, Esc to quit)
It was a potion of mutation.
You feel extremely strange.
You feel frail.
You feel yourself wasting away.
You feel the urge to shout.
Are you sure you want to abandon this character and quit the game? (Confirm with "yes".)

######### ######.......######
######........#........######
###........#####'#####........###
.....#########.....#########.....
..#### ##.........## ####.. ###
#...........# ### # #.....@.....#
# ####### #...........# #######
#.....### ##.........## ###.....#
._......#* ###.....### ##......_.
.........# ####### #.........
...⌠.._..* #.._..⌠... .........
#......... ._......# ##......_.
#.....## ###.....#


There were no monsters in sight!

Vanquished Creatures
  Grinder (D:3)
  4 ogres
  A giant frog (Temple)
  Blork the orc (D:5)
  2 crimson imps
  3 orc priests
  A gnoll shaman (D:5)
  A centaur skeleton (D:5)
  4 orc wizards (D:4)
  2 worker ants (D:5)
  4 adders
  6 gnolls (D:5)
  3 worms
  4 giant geckos
  3 oozes
  32 orcs
  3 ball pythons
  8 hobgoblins
  6 jackals
  2 quokkas (D:2)
  7 bats
  5 giant cockroaches
  4 giant newts
  5 goblins
  10 kobolds
  12 rats
  A plant (D:1)
135 creatures vanquished.

Notes
Turn   | Place    | Note
--------------------------------------------------------------
     0 | D:1      | myeffort, the Deep Dwarf Earth Elementalist, began the quest for the Orb.
     0 | D:1      | Reached XP level 1. HP: 15/15 MP: 2/2
   248 | D:1      | Reached XP level 2. HP: 22/22 MP: 0/4
   332 | D:1      | Learned a level 2 spell: Stoneskin
   714 | D:1      | Reached skill level 5 in Earth Magic
  1375 | D:2      | Reached XP level 3. HP: 24/28 MP: 4/6
  1793 | D:2      | Reached skill level 6 in Earth Magic
  2421 | D:3      | Reached XP level 4. HP: 30/36 MP: 2/7
  2506 | D:3      | Noticed Grinder
  2687 | D:3      | Learned a level 3 spell: Stone Arrow
  2744 | D:4      | Reached skill level 7 in Earth Magic
  2965 | D:3      | Reached XP level 5. HP: 39/42 MP: 2/9
  3017 | D:3      | Reached skill level 8 in Earth Magic
  3070 | D:3      | Killed Grinder
  3070 | D:3      | Reached skill level 9 in Earth Magic
  3070 | D:3      | Reached XP level 6. HP: 45/49 MP: 0/10
  3252 | D:3      | Found a deep blue altar of Sif Muna.
  3256 | D:3      | Found a radiant altar of Vehumet.
  3263 | D:3      | Found a shimmering altar of Xom.
  3403 | D:3      | Reached skill level 10 in Earth Magic
  3403 | D:3      | Reached XP level 7. HP: 41/55 MP: 9/12
  3983 | D:5      | Entered Level 5 of the Dungeon
  4159 | D:5      | Found an opulent altar of Gozag.
  4455 | D:5      | Found a glowing golden altar of the Shining One.
  4659 | D:5      | Noticed Blork the orc
  4727 | D:5      | HP: 1/55 [ogre/giant club (19)]
  4728 | D:5      | Reached skill level 11 in Earth Magic
  4731 | D:5      | Reached skill level 5 in Stealth
  5023 | D:5      | Reached XP level 8. HP: 39/62 MP: 10/13
  5185 | D:5      | Killed Blork the orc
  5408 | D:5      | Learned a level 5 spell: Lee's Rapid Deconstruction
  5444 | D:6      | Found Foxt's Antique Armour Emporium.
  5465 | D:6      | Found a staircase to the Ecumenical Temple.
  5475 | Temple   | Entered the Ecumenical Temple
  5638 | Temple   | Became a worshipper of Makhleb the Destroyer
  5707 | Temple   | Gained mutation: You are frail (-10% HP). [potion of mutation]
  5707 | Temple   | Gained mutation: Your body is slowly deteriorating. [potion of mutation]
  5707 | Temple   | Gained mutation: You occasionally shout uncontrollably at your foes. [potion of mutation]
  5708 | Temple   | Quit the game

Action                   |  1- 3 |  4- 6 |  7- 9 || total
-------------------------+-------+-------+-------++-------
Melee: Dagger            |    80 |    91 |    54 ||   225
       Whip              |       |       |     7 ||     7
Throw: Stone             |       |       |     1 ||     1
 Cast: Sandblast         |    78 |    59 |    58 ||   195
       Stoneskin         |     1 |     3 |     2 ||     6
Evoke: Wand              |       |       |     2 ||     2
  Use: Potion            |       |     5 |     3 ||     8
 Stab: Sleeping          |     2 |     1 |     1 ||     4
  Eat: Chunk             |     6 |     4 |     6 ||    16
       Fruit             |       |       |     2 ||     2
